 Seeded DCSS version 0.30-a0-134-gb40fab5c76 (webtiles) character file.

Game seed: 17990219230249953347 (custom seed)

400 innerfire433 the Poker (level 6, 0/51 HPs)
             Began as a Demonspawn Monk on Sept 20, 2022.
             Was a Priest of Nemelex Xobeh.
             Slain by an ice beast (6 damage)
             ... on level 5 of the Dungeon.
             The game lasted 00:08:08 (3416 turns).

innerfire433 the Poker (Demonspawn Monk)            Turns: 3416, Time: 00:08:08

Health: 0/51       AC:  5    Str: 13    XL:     6   Next: 54%
Magic:  6/6        EV: 13    Int: 11    God:    Nemelex Xobeh [***...]
Gold:   91         SH:  4    Dex: 16    Spells: 5/5 levels left

rFire   . . .      SeeInvis .    f - +0 trident (spect)
rCold   . . .      Faith    .    i - +0 buckler
rNeg    . . .      Spirit   .    b - +0 robe
rPois   .          Reflect  .    (no helmet)
rElec   .          Harm     .    (no cloak)
rCorr   .          Rampage  .    r - +0 pair of gloves
Will    .....                    (no boots)
Stlth   ++........               (no amulet)
HPRegen 0.17/turn                (no ring)
MPRegen 0.10/turn                (no ring)

@: lethally poisoned (0 -> -18)
A: rugged brown scales 2
a: Renounce Religion, Draw Escape, Draw Destruction, Draw Summoning, Triple Draw


You were on level 5 of the Dungeon.
You worshipped Nemelex Xobeh.
Nemelex Xobeh was most pleased with you.
You visited 1 branch of the dungeon, and saw 5 of its levels.

You collected 199 gold pieces.
You spent 108 gold pieces at shops.

Inventory:

Hand Weapons
 a - a +0 spear
 f - a +0 spectral trident (weapon)
Armour
 b - a +0 robe (worn)
 i - a +0 buckler (worn)
 r - a +0 pair of gloves (worn)
Jewellery
 o - a +6 ring of strength
Wands
 k - a wand of polymorph (14)
Scrolls
 e - 4 scrolls of teleportation {unknown}
 j - 2 scrolls of immolation {unknown}
 m - 2 scrolls of poison {unknown}
 n - 2 scrolls of magic mapping {unknown}
 s - a scroll of fog {unknown}
 t - 2 scrolls of torment {unknown}
 u - a scroll of blinking {unknown}
 v - a scroll of enchant weapon {unknown}
Potions
 d - a potion of heal wounds {unknown}
 g - a potion of might {unknown}
 h - a potion of flight {unknown}
 l - 3 potions of curing {unknown}
 p - a potion of brilliance
 q - a potion of invisibility {unknown}
 w - a potion of cancellation {unknown}


   Skills:
 + Level 4.3 Fighting
 * Level 4.8 Polearms
 + Level 3.8 Dodging
 - Level 1.7 Stealth
 + Level 2.0 Shields


You had 5 spell levels left.
You didn't know any spells.
Your spell library contained the following spells:

 Spells                   Type           Power      Damage    Failure   Level
 Apportation              Tloc           0%         N/A       43%         1
 Beastly Appendage        Tmut           0%         N/A       43%         1
 Necrotise                Necr           0%         1d4       43%         1
 Summon Small Mammal      Summ           0%         N/A       43%         1
 Wereblood                Tmut           0%         N/A       56%         2
 Spider Form              Tmut/Pois      0%         N/A       80%         3


Dungeon Overview and Level Annotations

Branches:
Dungeon (5/15)
 Temple: D:4-7

Altars:
Nemelex Xobeh
Sif Muna
Trog
Wu Jian

Shops:
D:2 =*[=   D:3 [


Innate Abilities, Weirdness & Mutations

You are mostly covered in rugged brown scales. (AC +2, +5% HP)


Message History

Press: ? - help, Shift-Dir - straight line, f - ice beast
Aim: an ice beast The glob of acid misses the ice beast.
You feel very sick. You block the orc's attack.
The orc hits you with a +2 dagger of venom.
You are lethally poisoned!
You are confused.
You feel invigorated.
You feel very sick. The orc barely misses you.
An ice beast comes into view.
The orc closely misses you.
An iguana comes into view.
You feel very sick. The orc barely misses you.
You feel less invigorated.
You feel less confused.
You feel very sick. The orc closely misses you.
The orc hits you with a +2 dagger of venom.
* * * LOW HITPOINT WARNING * * *
You are lethally poisoned!
You draw a card...
You have drawn Vitriol.
Press: ? - help, Shift-Dir - straight line, f - ice beast, p - ice beast
Aim: an ice beast The bolt of acid hits the ice beast!
The acid corrodes the ice beast!
The ice beast is heavily wounded.
* * * LOW HITPOINT WARNING * * *
You feel very sick.
The iguana hisses angrily.
The ice beast barely misses you. You block the orc's attack.
The orc hits you with a +2 dagger of venom.
* * * LOW HITPOINT WARNING * * *
The ice beast hits you.
* * * LOW HITPOINT WARNING * * *
The ice beast freezes you.
You die...
Your body glows slightly and disappears.

.......
#.....#
##.....## ##.
#.......##...
#............
##..!......
#.....l.# #
#.@o.#.#..
#YoY......
##<.#.....
#..## ....
#.... ...
$.....# ..
........ .
#.........
...........


You could see 2 ice beasts, an iguana and 2 orcs.

Vanquished Creatures
  The ghost of Jeffwins the Shooter, an amateur HuWn (D:3)
  A scorpion (D:4)
  2 hounds (D:4)
  An iguana (D:4)
  Terence (D:2)
  A gnoll (D:2)
  4 adders
  An ufetubus (D:4)
  2 dart slugs (D:4)
  6 orcs
  7 endoplasms
  4 giant cockroaches
  12 goblins
  15 hobgoblins
  4 jackals (D:2)
  3 kobolds
  4 quokkas
  8 ball pythons
  5 bats
  A frilled lizard (D:1)
  7 rats
90 creatures vanquished.

Notes
Turn   | Place    | Note
-------+----------+-------------------------------------------
     0 | D:1      | innerfire433 the Demonspawn Monk began the quest for the
                  | Orb.
     0 | D:1      | Reached XP level 1. HP: 18/18 MP: 1/1
   179 | D:1      | Gained mutation: You are partially covered in rugged brown
                  | scales. (AC +1, +3% HP) [demonic ancestry]
   179 | D:1      | Reached XP level 2. HP: 17/24 MP: 2/2
  1033 | D:2      | Gained mutation: You are mostly covered in rugged brown
                  | scales. (AC +2, +5% HP) [demonic ancestry]
  1033 | D:2      | Reached XP level 3. HP: 24/30 MP: 3/3
  1106 | D:2      | Found Hiojumir's Jewellery Boutique.
  1130 | D:2      | Found Cenax's General Store.
  1132 | D:2      | Found Kesoowipa's Armour Shop.
  1140 | D:2      | Bought a +0 buckler for 54 gold pieces
  1152 | D:2      | Noticed Terence
  1156 | D:2      | Killed Terence
  1157 | D:2      | Reached XP level 4. HP: 35/36 MP: 4/4
  1206 | D:2      | Found Unelaong's Jewellery Emporium.
  1301 | D:2      | Found a sparkling altar of Nemelex Xobeh.
  1310 | D:2      | Became a worshipper of Nemelex Xobeh the Trickster
  1310 | D:2      | Reached * piety under Nemelex Xobeh
  1310 | D:2      | Received a gift from Nemelex Xobeh
  1310 | D:2      | Reached ** piety under Nemelex Xobeh
  1342 | D:2      | Noticed Robin
  1342 | D:2      | Noticed Sigmund
  1344 | D:2      | Noticed Sigmund
  1344 | D:2      | Robin changed into Robin the giant cockroach
  1344 | D:2      | Noticed Robin
  1350 | D:2      | Killed Robin the giant cockroach
  1364 | D:2      | Killed Sigmund the gnoll
  1897 | D:3      | Found Imeics's Armour Boutique.
  1931 | D:3      | Noticed Jeffwins's ghost (amateur HuWn)
  2014 | D:3      | Reached skill level 1 in Shields
  2102 | D:3      | Found a transporter.
  2105 | D:3      | Found a transporter.
  2119 | D:3      | Found an ornate altar of the Wu Jian Council.
  2129 | D:3      | Killed Jeffwins's ghost
  2130 | D:3      | Reached XP level 5. HP: 35/44 MP: 5/5
  2255 | D:3      | Found a shimmering blue altar of Sif Muna.
  2423 | D:3      | Found a bloodstained altar of Trog.
  2699 | D:2      | Bought a +0 pair of gloves for 54 gold pieces
  2774 | D:4      | Reached XP level 6. HP: 50/50 MP: 6/6
  2830 | D:4      | Reached *** piety under Nemelex Xobeh
  3259 | D:4      | Received a gift from Nemelex Xobeh
  3406 | D:5      | Entered Level 5 of the Dungeon
  3407 | D:5      | Noticed an ice beast
  3413 | D:5      | Noticed an ice beast
  3416 | D:5      | Slain by an ice beast

Illustrated notes

Levels and vault maps discovered:
D:1:      nicolae_arrival_memento_mori, layout_loops_ring, bh_walls_and_bars
D:2:      layout_loops_ring, serial_shops, shop, nicolae_shop_waterfront,
          nicolae_shop_crystal, shop_statue, basic_altar, uniq_robin,
          uniq_sigmund, uniq_terence
D:3:      layout_basic, trog_hazing_becter, mainiacjoe_overflow_catwalk,
          nicolae_sif_muna_little_library, gammafunk_ghost_arena, serial_shops,
          nicolae_diamond_shop
D:4:      layout_basic
D:5:      layout_cave_pools, fedhas_altar_1, minmay_temple_entry_junction_2,
          uniq_prince_ribbit1, uniq_pikel

Skill      XL: |  1  2  3  4  5  6 |
---------------+-------------------+-----
Polearms       | 3 4 |  4.8
Dodging        | 3 |  3.8
Shields        | 1 2 |  2.0
Fighting       | 4 |  4.3
Stealth        | |  1.7

Action                   |  1- 3 |  4- 6 || total
-------------------------+-------+-------++-------
Melee: Spear             |    57 |       ||    57
       Trident           |    13 |    86 ||    99
Invok: Draw Destruction  |       |     5 ||     5
  Use: Scroll            |     1 |     2 ||     3
       Potion            |       |     1 ||     1
 Stab: Sleeping          |     8 |     8 ||    16
       Distracted        |       |     4 ||     4
Armor: Robe              |     7 |     6 ||    13
Dodge: Dodged            |    29 |    30 ||    59
Block: Buckler           |     1 |    11 ||    12

Table legend: (Time is in decaauts)
 A = Elapsed time spent in this place.
 B = Non-inter-level travel time spent in this place.
 C = Inter-level travel time spent in this place.
 D = Time resting spent in this place.
 E = Time spent auto-exploring this place.
 F = Levels seen in this place.
 G = Mean time per level.
                   A        B        C        D        E       F      G
               +--------+--------+--------+--------+--------+-----+--------+
         Total |   3428 |   2938 |    490 |      0 |   2447 |   5 |  685.6 |
       Dungeon |   3428 |   2938 |    490 |      0 |   2447 |   5 |  685.6 |
               +--------+--------+--------+--------+--------+-----+--------+

Top non-repeatable levels by time:
     D:2: 1082 daAuts
     D:1: 891 daAuts
     D:3: 794 daAuts
     D:4: 650 daAuts
     D:5: 10 daAuts
